 Dungeon Crawl Stone Soup version 0.30.0-18-gc0e69614cb (webtiles) character file.

Game seed: 12486268059565148171

248 unlimited1921 the Magician (level 6, -5/40 HPs)
             Began as a Djinni Fire Elementalist on May 25, 2023.
             Slain by a two-headed ogre
             ... wielding a +0 giant club
              (27 damage)
             ... on level 4 of the Dungeon.
             The game lasted 00:11:07 (6502 turns).

unlimited1921 the Magician (DjFE)                   Turns: 6502, Time: 00:11:08

Health: -5/40      AC:  6    Str:  7    XL:     6   Next: 34%
Gold:   87         EV: 18    Int: 18    God:
                   SH:  0    Dex: 20

rFire   + + .        q - +4 quarterstaff (chaos)
rCold   x . .        (shield currently unavailable)
rNeg    . . .        a - +0 robe
rPois   ∞            (no helmet)
rElec   .            r - +2 cloak {rPois}
rCorr   .            m - +0 pair of gloves
SInv    .            (boots unavailable)
Will    .....        (no amulet)
Stlth   ++           D - +5 ring of evasion
HPRegen 0.26/turn    z - +6 ring of dexterity
MPRegen 0.00/turn

%: infuse magic (-6 HP)
@: flying, very slightly contaminated
A: sickness immunity, fire resistance 2, cold vulnerability 1, float, innate
caster, HP casting, extra vitality 1
a: no special abilities


You were on level 4 of the Dungeon.
You visited 1 branch of the dungeon, and saw 4 of its levels.

You collected 87 gold pieces.

Inventory:

Hand Weapons
 q - a +4 quarterstaff of chaos (weapon)
 s - a +0 hammer
 v - a +1 halberd of venom
Missiles
 u - a throwing net
 w - 8 boomerangs
 C - 6 poisoned darts
Armour
 a - a +0 robe (worn)
 i - a +0 buckler
 m - a +0 pair of gloves (worn)
 r - a +2 cloak of poison resistance (worn)
 A - a +0 leather armour
Jewellery
 x - a ring of protection from cold
 y - a ring of ice
 z - a +6 ring of dexterity (right hand)
 D - a +5 ring of evasion (left hand)
Scrolls
 b - 2 scrolls of fear
 c - a scroll of enchant armour {unknown}
 h - a scroll of vulnerability {unknown}
 k - 2 scrolls of fog
 l - a scroll of teleportation
 o - a scroll of brand weapon
Potions
 e - a potion of might {unknown}
 f - a potion of mutation {unknown}
 g - a potion of flight {unknown}
 n - 2 potions of berserk rage {unknown}
 p - a potion of attraction {unknown}
 t - a potion of cancellation {unknown}
 B - a potion of degeneration {unknown}


   Skills:
 + Level 2.5 Dodging
 + Level 2.6 Stealth
 + Level 4.7 Spellcasting


You knew the following spells:

 Your Spells              Type           Power      Damage    Failure   Level
a - Foxfire               Conj/Fire      84%        2x1d8     1%          1
b - Scorch                Fire           42%        2d6       3%          2
c - Volatile Blastmotes   Fire/Tloc      42%        2d13      6%          3
d - Inner Flame           Hex/Fire       21%        N/A       6%          3
e - Flame Wave            Conj/Fire      21%        2d8       21%         4
f - Slow                  Hex            84%        N/A       1%          1
g - Wereblood             Tmut           21%        N/A       3%          2
Your spell library was empty.

Dungeon Overview and Level Annotations

Branches:
Dungeon (4/15)
 Temple: D:4-7

Altars:
Nemelex Xobeh


Innate Abilities, Weirdness & Mutations

You are immune to sickness and miasma.
You are immune to poison.
Your flesh is very heat resistant. (rF++)
You are vulnerable to cold. (rC-)
You float through the air rather than walking.
You learn spells naturally, not from books.
Your magical power is your life essence.
You have superior vitality. (+4 MHP)


Message History

There is a stone staircase leading up here.
The two-headed ogre shouts in stereo!
You hear an angry hiss.
Casting: Foxfire (safe; 1% risk of failure)
Confirm with . or Enter, or press ? or * to list all spells.
Aiming: Inner Flame (dangerous; 6% risk of failure)
Press: ? - help, Dir - move target, f - two-headed ogre
Aim: a two-headed ogre, wielding two +0 giant clubs (chance to affect: 61%)
The two-headed ogre resists with significant effort.
A ball python comes into view.
Casting: Inner Flame (dangerous; 6% risk of failure)
Confirm with . or Enter, or press ? or * to list all spells.
You don't know that spell.
Casting: Inner Flame (dangerous; 6% risk of failure)
Confirm with . or Enter, or press ? or * to list all spells.
Aiming: Inner Flame (dangerous; 6% risk of failure)
Press: ? - help, Dir - move target, f/p - two-headed ogre
Aim: a two-headed ogre, wielding two +0 giant clubs (chance to affect: 61%)
The two-headed ogre is filled with an inner flame.
Casting: Inner Flame (dangerous; 6% risk of failure)
Confirm with . or Enter, or press ? or * to list all spells.
You conjure some foxfire!
The two-headed ogre completely misses you.
The two-headed ogre hits you with a +0 giant club!
The foxfire hits the two-headed ogre.
Flame seeps out of the two-headed ogre.
The two-headed ogre is lightly wounded.
The foxfire hits the two-headed ogre but does no damage.
The two-headed ogre is lightly wounded.
Casting: Foxfire (safe; 1% risk of failure)
Confirm with . or Enter, or press ? or * to list all spells.
You miscast Scorch.
You are very lightly contaminated with residual magic.
Nothing appears to happen.
The two-headed ogre is engulfed in blazing flames.
Flame seeps out of the two-headed ogre.
Casting: Scorch (safe; 3% risk of failure)
Confirm with . or Enter, or press ? or * to list all spells.
You conjure some foxfire!
The two-headed ogre misses you.
The two-headed ogre hits you with a +0 giant club!!
Ouch! That really hurt!
You die...

#..... ..
#.[... ...
#....#
...##....#
.......#
#.....#
#....v#
#..S@v#
#...O.#
#...°.#
.........#
.......###
.#.....
.......
.......
.......


You could see a two-headed ogre (inner flame, ally target) and a ball python.

Vanquished Creatures
  Crazy Yiuf (D:2)
  Natasha (thrice) (D:2)
  4 gnolls (D:3)
  4 adders
  An adder skeleton (D:3)
  4 dart slugs
  2 orcs (D:3)
  5 endoplasms
  3 giant cockroaches
  7 goblins
  5 hobgoblins
  2 quokkas (D:1)
  4 ball pythons
  A ball python skeleton (D:3)
  A ball python zombie (D:3)
  2 bats
  6 frilled lizards
  A jackal skeleton (D:3)
  4 kobolds
  A quokka zombie (D:3)
  A rat (D:2)
62 creatures vanquished.

Vanquished Creatures (others)
  242 foxfires
242 creatures vanquished.

Grand Total: 304 creatures vanquished

Notes
Turn   | Place    | Note
-------+----------+-------------------------------------------
     0 | D:1      | unlimited1921 the Djinni Fire Elementalist began the quest
                  | for the Orb.
     0 | D:1      | unlimited1921 set off with the following spells memorised:
                  | Foxfire, Scorch, Volatile Blastmotes, Inner Flame, Flame
                  | Wave.
     0 | D:1      | Reached XP level 1. HP: 15/15 MP: 0/0
   431 | D:1      | Reached XP level 2. HP: 17/21 MP: 0/0
  1283 | D:1      | Reached skill level 3 in Spellcasting
  1640 | D:1      | Reached XP level 3. HP: 23/25 MP: 0/0
  1640 | D:1      | Learned a level 1 spell: Slow
  3353 | D:2      | Found a sparkling altar of Nemelex Xobeh.
  3412 | D:2      | Noticed Natasha
  3417 | D:2      | Killed Natasha
  3418 | D:2      | Reached XP level 4. HP: 20/31 MP: 0/0
  4325 | D:2      | Noticed Natasha
  4330 | D:2      | Killed Natasha
  4331 | D:2      | Reached XP level 5. HP: 31/35 MP: 0/0
  4331 | D:2      | Learned a level 2 spell: Wereblood
  4747 | D:2      | Found a runed translucent door.
  4748 | D:2      | Noticed Crazy Yiuf
  4757 | D:2      | Killed Crazy Yiuf
  4758 | D:2      | Reached skill level 4 in Spellcasting
  5027 | D:2      | Noticed Natasha
  5032 | D:2      | Killed Natasha
  5193 | D:3      | Reached XP level 6. HP: 29/40 MP: 0/0
  6493 | D:4      | Noticed a two-headed ogre
  6502 | D:4      | Slain by a two-headed ogre

Illustrated notes

Levels and vault maps discovered:
D:1:      spicycebolla_arrival_xxxplode, layout_rooms, st_stairs_7
D:2:      layout_basic, basic_altar, uniq_natasha, uniq_crazy_yiuf_cottage
D:3:      layout_basic, serial_undead, serial_undead_f, serial_undead_d,
          serial_undead_b, serial_undead_b
D:4:      layout_basic, gup_ossuary_entry_pyramid

Skill      XL: |  1  2  3  4  5 |
---------------+----------------+-----
Spellcasting   | 3 4 |  4.7
Stealth        | 2 |  2.6
Dodging        | |  2.5

Action                     |  1- 3 |  4- 6 || total
---------------------------+-------+-------++-------
  Melee: Dagger            |       |    10 ||    10
         Punch             |       |     1 ||     1
         Quarterstaff      |       |     3 ||     3
   Cast: Foxfire           |    84 |    77 ||   161
         Scorch            |       |     8 ||     8
         Inner Flame       |       |     4 ||     4
         Volatile Blastmot |       |     1 ||     1
    Use: Scroll            |       |     5 ||     5
 Armour: Robe              |       |     6 ||     6
  Dodge: Dodged            |     3 |     7 ||    10
